 Dungeon Crawl Stone Soup version 0.27.0-1-g7a089689b8 (webtiles) character file.

Game seed: 16689779956900550691

268 Malachi the Magician (level 6, 0/63 HPs)
             Began as a Djinni Ice Elementalist on Aug 13, 2021.
             Was a Follower of Dithmenos.
             Slain by a hornet zombie (4 damage)
             ... on level 4 of the Dungeon.
             The game lasted 00:05:51 (5124 turns).

Malachi the Magician (Djinni Ice Elementalist)      Turns: 5124, Time: 00:05:51

Health: 0/63       AC: 23    Str:  4 (7)  XL:     6   Next: 46%
Gold:   95         EV:  2    Int: 15 (18) God:    Dithmenos [*.....] SH:  0 Dex: 13 (16)

rFire    x . .     SeeInvis .   k - +0 whip (venom)
rCold    + . .     Faith    .   (no shield)
rNeg     + + +     Spirit   .   (armour currently unavailable)
rPois    ∞         Reflect  .   (helmet currently unavailable)
rElec    .         Harm     .   (cloak currently unavailable)
rCorr    .         Rampage  .   (gloves currently unavailable)
Will     .....     NoTele   +   (boots unavailable)
Stlth    ++........             (no amulet)
HPRegen  0.20/turn              g - ring of ice
MPRegen  0.00/turn              d - ring of positive energy

@: mighty, tree-form, freezing walls, very slightly contaminated, hasted,
wreathed by umbra, invisible, very quick
A: stationary, stasis, torment immunity, boosted hp, sickness immunity, (fire
resistance 2), (cold vulnerability 1), float, innate caster, hp casting, extra
vitality 1, agile 1, deterioration 1, (teleportitis 1)
a: Renounce Religion


You were on level 4 of the Dungeon.
You worshipped Dithmenos.
Dithmenos was aware of your devotion.
You were a tree.
You visited 1 branch of the dungeon, and saw 4 of its levels.

You collected 95 gold pieces.

Inventory:

Hand Weapons
 k - a +0 whip of venom (weapon)
 p - a +1 mace of protection
Armour
 a - a +0 robe (melded)
Jewellery
 d - a ring of positive energy (right branch)
 g - a ring of ice (left branch)
Wands
 o - a wand of flame (10)
Scrolls
 b - 3 scrolls of identify {unknown}
 c - a scroll of magic mapping {unknown}
 e - 3 scrolls of fear {unknown}
 f - 2 scrolls of teleportation {unknown}
 l - a scroll of enchant weapon {unknown}
 n - 2 scrolls of noise {unknown}
 q - 2 scrolls of amnesia {unknown}
Potions
 j - a potion of haste
 r - a potion of degeneration


   Skills:
 + Level 1.2 Fighting
 + Level 1.2 Maces & Flails
 + Level 3.1 Dodging
 + Level 2.3 Stealth
 + Level 4.8 Spellcasting


You couldn't memorise any spells.
You knew the following spells:

 Your Spells              Type           Power      Damage    Failure   Level
a - Freeze                Ice            100%       1d11      2%          1
b - Frozen Ramparts       Ice            54%        1d7       7%          3
c - Ozocubu's Armour      Ice            27%        N/A       7%          3
d - Hailstorm             Conj/Ice       27%        3d7       22%         4
e - Shock                 Conj/Air       72%        1d7       2%          1
f - Passwall              Tmut/Erth      15%        N/A       3%          2
Your spell library was empty.

Dungeon Overview and Level Annotations

Branches:
Dungeon (4/15)
 Temple: D:4-7

Altars:
Dithmenos
Okawaru
Ru
Sif Muna
Uskayaw

Shops:
D:3 [


Innate Abilities, Weirdness & Mutations

You are a tree.
Your roots penetrate the ground, keeping you stationary.
You cannot be teleported.
You are immune to unholy pain and torment.
Your maximum health is greatly increased.
Your equipment is partially melded.
You are immune to sickness and miasma.
You are immune to poison.
((Your flesh is very heat resistant. (rF++)))
((You are vulnerable to cold. (rC-)))
You float through the air rather than walking.
You learn spells naturally, not from books.
Your magical power is your life essence.
You have superior vitality. (+4 HP)
You are agile. (Dex +2)
Your body sometimes deteriorates upon taking damage.
((You are occasionally teleported next to monsters.))


Message History

The hornet zombie hits you.
* * * LOW HITPOINT WARNING * * *
It was a potion of lignification.
You turn into a tree.
Your +0 robe melds into your body.
Your roots penetrate the ground.
The hornet zombie resists.
The wall freezes the hornet zombie.
The hornet zombie hits you but does no damage.
The hornet zombie completely resists.
The wall freezes the hornet zombie but does no damage.
The hornet zombie barely misses you.
It was a potion of haste.
You feel yourself speed up.
The hornet zombie resists.
The wall freezes the hornet zombie.
The hornet zombie hits you but does no damage.
It was a potion of invisibility.
You fade into invisibility!
The hornet zombie completely resists.
The wall freezes the hornet zombie but does no damage.
The hornet zombie hits you but does no damage.
You are very lightly contaminated with residual magic.
It was a potion of degeneration.
There was something very wrong with that liquid.
You feel weakened.
You feel dopey.
You feel clumsy.
The hornet zombie completely resists.
The wall freezes the hornet zombie but does no damage.
The hornet zombie hits you!
* * * LOW HITPOINT WARNING * * *
It was a potion of curing.
You feel better.
The wall freezes the hornet zombie but does no damage.
The hornet zombie hits you.
* * * LOW HITPOINT WARNING * * *
You barely miss the hornet zombie.
The hornet zombie is lightly damaged.
The hornet zombie completely resists.
The wall freezes the hornet zombie but does no damage.
The hornet zombie hits you but does no damage.
You barely miss the hornet zombie.
The hornet zombie is lightly damaged.
The hornet zombie completely resists.
The wall freezes the hornet zombie but does no damage.
The hornet zombie hits you.
You die...

..####### #....#
#.......# #######....#
#.......# #.....#....#
#.......# #.....#....#
#.......# #.....#....#
#.......####.....#....#
##....................#
##...........>..Z#....#
#..............♣#....#
#..........#######...#
#####.......... ...#
###.....### .#.#
#.....# .#.# #.....# ..
h ...##.# ## ## ...# .#
...# #


You could see a hornet zombie (wandering).

Vanquished Creatures
  An orc priest (D:3)
  A jelly (D:4)
  Ijyb (D:3)
  Natasha (thrice) (D:2)
  An orc wizard (D:3)
  An adder skeleton (D:2)
  A worm (D:3)
  2 dart slugs (D:2)
  4 orcs (D:3)
  6 bats
  4 endoplasms
  2 giant cockroaches
  8 hobgoblins
  8 jackals
  9 kobolds
  2 quokkas
  8 ball pythons
  3 frilled lizards
  5 goblins
  4 rats
74 creatures vanquished.

Notes
Turn   | Place    | Note
-------+----------+-------------------------------------------
     0 | D:1      | Malachi the Djinni Ice Elementalist began the quest for the
                  | Orb.
     0 | D:1      | Reached XP level 1. HP: 15/15 MP: 0/0
   532 | D:1      | Reached XP level 2. HP: 19/21 MP: 0/0
  1259 | D:1      | Reached XP level 3. HP: 22/25 MP: 0/0
  1259 | D:1      | Learned a level 1 spell: Shock
  2061 | D:2      | Reached skill level 4 in Spellcasting
  2072 | D:2      | Gained mutation: You are agile. (Dex +2) [potion of
                  | mutation]
  2072 | D:2      | Gained mutation: Your body sometimes deteriorates upon
                  | taking damage. [potion of mutation]
  2072 | D:2      | Gained mutation: You are occasionally teleported next to
                  | monsters. [potion of mutation]
  2368 | D:2      | Reached XP level 4. HP: 25/31 MP: 0/0
  2473 | D:2      | Noticed Natasha
  2480 | D:2      | Killed Natasha
  2700 | D:2      | Noticed Natasha
  2706 | D:2      | Killed Natasha
  2707 | D:2      | Reached XP level 5. HP: 25/36 MP: 0/0
  2707 | D:2      | Learned a level 2 spell: Passwall
  2802 | D:2      | Noticed Natasha
  2819 | D:2      | Killed Natasha
  3299 | D:3      | Found an iron altar of Okawaru.
  3430 | D:3      | Found a sacrificial altar of Ru.
  3442 | D:3      | Reached skill level 1 in Fighting
  3560 | D:3      | Noticed Ijyb
  3567 | D:3      | Killed Ijyb
  3568 | D:3      | Reached XP level 6. HP: 14/42 MP: 0/0
  3820 | D:3      | Reached skill level 1 in Maces & Flails
  4122 | D:3      | Found a faded altar of an unknown god.
  4259 | D:3      | Found Pefonn's Armour Shop.
  4372 | D:3      | Found a hide-covered altar of Uskayaw.
  4661 | D:3      | Became a worshipper of Dithmenos the Shadowed
  4661 | D:3      | Reached * piety under Dithmenos
  5121 | D:4      | HP: 1/63 [hornet zombie (9)]
  5124 | D:4      | Slain by a hornet zombie

Illustrated notes

Levels and vault maps discovered:
D:1:      enne_arrival_octagon_isle, layout_basic
D:2:      layout_rooms, basic_altar, uniq_natasha
D:3:      layout_loops_ring, mainiacjoe_overflow_brackets,
          nicolae_uskayaw_murder_on_the_dancefloor,
          nicolae_ru_great_annihilating_truth, serial_shops, shop,
          dreamdust_ecumenical_altar_angels_and_demons,
          minmay_misc_feat_columns, grunt_decor_mini_mirrors,
          roderic_roman_lattice, minmay_hedge_maze, st_stairs_12, uniq_ijyb
D:4:      layout_basic, overflow_temple_1_default, uniq_robin, uniq_edmund

Skill      XL: |  1  2  3  4  5  6 |
---------------+-------------------+-----
Spellcasting   | 4 |  4.8
Stealth        | 2 |  2.3
Fighting       | 1 |  1.2
Dodging        | 3 |  3.1
Maces & Flails | 1 |  1.2

Action                   |  1- 3 |  4- 6 || total
-------------------------+-------+-------++-------
Melee: Unarmed           |    11 |       ||    11
       Club              |     9 |       ||     9
       Whip              |       |    49 ||    49
 Cast: Freeze            |    65 |    13 ||    78
       Frozen Ramparts   |       |     9 ||     9
  Use: Potion            |     2 |     6 ||     8
 Stab: Sleeping          |       |     4 ||     4
       Paralysed         |       |     1 ||     1
Armor: Robe              |    21 |     8 ||    29
       Skin              |       |     4 ||     4
Dodge: Dodged            |    75 |    42 ||   117
